 Dungeon Crawl Stone Soup version 0.17-a0-2073-gde5cdba (webtiles) character file.

418 derrpe the Slasher (level 6, -2/42 HPs)
             Began as a High Elf Skald on Oct 14, 2015.
             Slain by a hound (5 damage)
             ... on level 4 of the Dungeon.
             The game lasted 00:09:05 (4962 turns).

derrpe the Slasher (High Elf Skald)                 Turns: 4962, Time: 00:09:05

Health: -2/42      AC:  5    Str: 11    XL:     6   Next: 61%
Magic:  0/10       EV: 11    Int: 18    God:
Gold:   198        SH:  0    Dex: 15    Spells: 4 memorised, 0 levels left

rFire  . . .     SeeInvis .     a - +1 long sword
rCold  . . .     Clarity  .     b - +0 leather armour
rNeg   . . .     SustAt   .     (no shield)
rPois  +         Gourm    .     (no helmet)
rElec  .         Spirit   .     t - +1 cloak
rCorr  .         Warding  .     (no gloves)
rMut   .         Stasis   .     (no boots)
MR     .....                    (no amulet)
Stlth  +.........               (no ring)
                                u - ring of poison resistance

@: shrouded, infused, very slightly contaminated, not resistant to hostile
enchantments, very unstealthy
A: no striking features
a: no special abilities


You were on level 4 of the Dungeon.
You were not hungry.

You visited 1 branch of the dungeon, and saw 4 of its levels.

You collected 198 gold pieces.

Inventory:

Hand Weapons
 a - a +1 long sword (weapon)
Missiles
 e - 68 stones (quivered)
 k - 4 tomahawks
Armour
 b - a +0 leather armour (worn)
 h - a +0 ring mail
 t - a +1 cloak (worn)
Jewellery
 u - a ring of poison resistance (left hand)
 w - an uncursed amulet of resist mutation {unknown}
Scrolls
 f - 2 scrolls of enchant armour
 g - 3 scrolls of identify
 j - a scroll of immolation {unknown}
 l - 2 scrolls of teleportation
 s - a scroll of remove curse {unknown}
Potions
 n - a potion of haste {unknown}
 o - a potion of flight {unknown}
 p - 2 potions of cancellation {unknown}
 q - a potion of heal wounds {unknown}
Books
 c - a book of Battle

   Spells                             Type                      Level
   a - Infusion                       Charms                       1
   b - Shroud of Golubria             Charms/Translocation         2
   c - Song of Slaying                Charms                       2
   d - Spectral Weapon                Hexes/Charms                 3
   e - Regeneration                   Charms/Necromancy            3
Comestibles
 d - 2 bread rations {@e1}
 i - a meat ration {@e2}
 m - 12 fruits
 r - 2 slices of pizza
 v - 2 chunks of flesh {@w0}


   Skills:
 + Level 3.5 Fighting
 * Level 5.6 Long Blades
 + Level 2.6 Armour
 - Level 1.4 Dodging
 - Level 2.4 Spellcasting
 + Level 5.3 Charms


You couldn't memorise any spells.
You knew the following spells:

 Your Spells              Type           Power        Failure   Level  Hunger
a - Infusion              Chrm           ###...       2%          1    #......
b - Shroud of Golubria    Chrm/Tloc      ##........   14%         2    ##.....
c - Regeneration          Chrm/Necr      ##........   24%         3    ###....
d - Spectral Weapon       Hex/Chrm       ##......     24%         3    ###....


Dungeon Overview and Level Annotations

Branches:
Dungeon (4/15)
 Temple: D:4-7

Altars:


Message History

Unknown command.
You are too injured to fight recklessly!
You hit the hound.
The hound is heavily wounded.
The hound completely misses you. The hound bites you.
* * * LOW HITPOINT WARNING * * *
You miss the hound.
The hound is heavily wounded.
The hound bites you but does no damage. The hound bites you.
* * * LOW HITPOINT WARNING * * *
Casting: Infusion
Confirm with . or Enter, or press ? or * to list all spells.
Space distorts slightly along a thin shroud covering your body.
The hound bites you.
* * * LOW HITPOINT WARNING * * *
Unknown command.
You hit the hound!
The hound is almost dead.
The hound bites you.
You die...

#...........#. .....
#......#....#.#...(
#.........รท.+.....#
#....#.#....##.##.#
...#.#.#........#
#####.#.#.###.#..###
..........>........#
###...#.#.###.#....#
#...#.#.# #..#@..#
#...+.#.# #....h.#
#...###.# #..##..#
..... ..# #..# ...#
########## #..# #..#
#.. ..# #.. ...#.
.<..# ###...#


You could see a hound.

Vanquished Creatures
  2 iguanas (D:4)
  A centaur skeleton (D:4)
  2 hounds (D:4)
  An orc priest (D:4)
  3 worker ants (D:4)
  4 gnolls (D:4)
  5 adders
  An ooze (D:3)
  An adder skeleton (D:3)
  3 worms (D:2)
  4 giant geckos
  2 orcs (D:4)
  3 giant cockroaches
  7 goblins
  6 hobgoblins
  4 quokkas
  4 bats
  12 giant newts
  A jackal skeleton (D:4)
  11 kobolds
  2 rats
79 creatures vanquished.

Notes
Turn   | Place    | Note
--------------------------------------------------------------
     0 | D:1      | derrpe the High Elf Skald began the quest for the Orb.
     0 | D:1      | Reached XP level 1. HP: 14/14 MP: 4/4
   516 | D:1      | Reached XP level 2. HP: 19/19 MP: 6/6
  1183 | D:2      | Reached skill level 1 in Armour
  1287 | D:2      | Learned a level 2 spell: Shroud of Golubria
  1320 | D:2      | Reached XP level 3. HP: 16/25 MP: 7/7
  1427 | D:2      | Learned a level 3 spell: Regeneration
  1954 | D:2      | Reached skill level 4 in Charms
  2822 | D:3      | Reached XP level 4. HP: 20/30 MP: 5/8
  3905 | D:4      | Reached XP level 5. HP: 36/36 MP: 1/9
  4299 | D:4      | Reached skill level 5 in Long Blades
  4353 | D:4      | Reached skill level 5 in Charms
  4431 | D:4      | Reached XP level 6. HP: 42/42 MP: 10/10
  4440 | D:4      | Learned a level 3 spell: Spectral Weapon
  4962 | D:4      | Slain by a hound

Vault maps used:
D:1:      dpeg_arrival_snail, minmay_newt_pond
D:2:      first_bread, serial_curves, eino_curves_01, eino_curves_02,
          dk_vineyard_2
D:3:      nicolae_underground_beach
D:4:      st_stairs_8, minmay_lizard_king

Action                   |  1- 3 |  4- 6 || total
-------------------------+-------+-------++-------
Melee: Falchion          |   133 |     6 ||   139
       Long sword        |       |   174 ||   174
Throw: Stone             |   168 |    47 ||   215
 Cast: Infusion          |     3 |     5 ||     8
       Shroud of Golubri |     5 |    20 ||    25
       Regeneration      |       |     4 ||     4
  Use: Scroll            |       |     6 ||     6
       Potion            |       |     1 ||     1
  Eat: Chunk             |     6 |    10 ||    16
